 Dungeon Crawl Stone Soup version 0.30.1-11-g7821555f0a (webtiles) character file.

Game seed: 8167479313643876772

79 Okkudo the Chopper (level 4, 0/41 HPs)
             Began as a Hill Orc Monk on Dec 3, 2023.
             Slain by Robin
             ... wielding a +2 mace of protection
              (5 damage)
             ... on level 2 of the Dungeon.
             The game lasted 00:03:00 (983 turns).

Okkudo the Chopper (Hill Orc Monk)                   Turns: 983, Time: 00:03:00

Health: 0/41       AC:  6    Str: 15    XL:     4   Next: 37%
Magic:  4/4        EV: 11    Int: 10    God:
Gold:   85         SH:  0    Dex: 13    Spells: 3/3 levels left

rFire   . . .        a - +0 hand axe
rCold   . . .        d - orb {light}
rNeg    . . .        o - +0 ring mail
rPois   .            (no helmet)
rElec   .            (no cloak)
rCorr   .            (no gloves)
SInv    .            h - +0 pair of boots
Will    .....        (no amulet)
Stlth   +            (no ring)
HPRegen 0.26/turn    (no ring)
MPRegen 0.09/turn

%: no passive effects
@: glowing
A: no striking features
a: no special abilities


You were on level 2 of the Dungeon.
You visited 1 branch of the dungeon, and saw 2 of its levels.

You collected 85 gold pieces.

Inventory:

Hand Weapons
 a - a +0 hand axe (weapon)
Missiles
 g - 11 poisoned darts (quivered)
Armour
 d - an orb of light (worn)
 h - a +0 pair of boots (worn)
 o - a +0 ring mail (worn)
Wands
 m - a wand of roots (9)
Scrolls
 e - 3 scrolls of identify {unknown}
 i - a scroll of poison {unknown}
 j - a scroll of amnesia {unknown}
 k - a scroll of noise {unknown}
 l - a scroll of fog {unknown}
 n - a scroll of teleportation {unknown}
 p - a scroll of immolation {unknown}
 q - a scroll of magic mapping {unknown}
Potions
 b - a potion of curing {unknown}
 c - a potion of ambrosia
 f - a potion of haste {unknown}
 r - a potion of resistance {unknown}


   Skills:
 + Level 4.6 Fighting
 + Level 5.0 Axes
 + Level 3.1 Dodging


You had 3 spell levels left.
You didn't know any spells.
Your spell library contained the following spells:

 Spells                   Type           Power      Damage    Failure   Level
 Kiss of Death            Conj/Necr      0%         2d5       58%         1
 Magic Dart               Conj           0%         1d3       58%         1
 Call Imp                 Summ           0%         N/A       75%         2
 Confusing Touch          Hex            0%         N/A       92%         3
 Mephitic Cloud           Conj/Pois/Air  0%         N/A       92%         3
 Dispel Undead            Necr           0%         3d6       100%        4


Dungeon Overview and Level Annotations

Branches:
Dungeon (2/15)

Altars:

Annotations:
D:2 Robin


Message History

Robin hits you with a +2 mace of protection.
You hit Robin but do no damage.
Robin is moderately wounded.
Robin hits you but does no damage.
You hit Robin but do no damage.
Robin is moderately wounded.
Robin throws the goblin at you! The goblin barely misses you.
You hit Robin but do no damage.
Robin is moderately wounded.
You hit the goblin. Robin closely misses you. The goblin barely misses you.
You hit Robin.
Robin is heavily wounded.
You hit the goblin.
You kill the goblin!
Robin hits you with a +2 mace of protection.
You hit Robin but do no damage.
Robin is heavily wounded.
Robin hits you with a +2 mace of protection.
You hit Robin.
Robin is severely wounded.
Robin barely misses you.
You hit Robin but do no damage.
Robin is severely wounded.
Robin misses you.
Robin hits you with a +2 mace of protection.
You hit Robin but do no damage.
Robin is severely wounded.
Robin barely misses you.
You hit Robin but do no damage.
Robin is severely wounded.
Robin hits you with a +2 mace of protection!
* * * LOW HITPOINT WARNING * * *
You hit Robin.
Robin is severely wounded.
Robin hits you with a +2 mace of protection.
* * * LOW HITPOINT WARNING * * *
You hit Robin.
Robin is almost dead.
Robin hits you with a +2 mace of protection.
You die...

#............#...#
#...
#........###.....##
#..# #........#
####...######...
#........#
##...)...#.#.
#........#
##.####.'...
#........# #..#
###... #........###
##.# #...##
#........).#
#..##.#'##
##########@#
.........#
#.g..g)..#g#
##.##....#
#.#####g..g#
.........#
#.###.######
#.#......# #.....##
#......# #..g...#
#......+ #......#
###....# #......#
......
#......#....#


You could see Robin and a hobgoblin (strong).

Vanquished Creatures
  Jessica (D:2)
  An adder (D:2)
  3 dart slugs (D:1)
  3 ball pythons (D:1)
  A giant cockroach (D:2)
  2 hobgoblins (D:1)
  3 jackals (D:1)
  3 bats
  4 frilled lizards (D:1)
  7 goblins
  6 kobolds
  5 rats (D:1)
39 creatures vanquished.

Notes
Turn   | Place    | Note
-------+----------+-------------------------------------------
     0 | D:1      | Okkudo the Hill Orc Monk began the quest for the Orb.
     0 | D:1      | Reached XP level 1. HP: 19/19 MP: 1/1
    85 | D:1      | Reached XP level 2. HP: 24/27 MP: 2/2
   341 | D:1      | Reached XP level 3. HP: 24/33 MP: 3/3
   914 | D:2      | Noticed Jessica
   923 | D:2      | Killed Jessica
   924 | D:2      | Reached skill level 5 in Axes
   924 | D:2      | Reached XP level 4. HP: 23/41 MP: 4/4
   928 | D:2      | Noticed Robin
   983 | D:2      | Slain by Robin

Illustrated notes

Levels and vault maps discovered:
D:1:      dpeg_arrival_simpleton_b, layout_basic
D:2:      layout_basic, minmay_misc_feat_more_columns, uniq_robin, uniq_jessica

Skill      XL: |  1  2  3 |
---------------+----------+-----
Fighting       | 4 |  4.6
Axes           | 5 |  5.0
Dodging        | 3 |  3.1

Action                     |  1- 3 |  4- 6 || total
---------------------------+-------+-------++-------
  Melee: Hand axe          |   105 |    17 ||   122
 Armour: Robe              |    16 |       ||    16
         Leather armour    |     4 |       ||     4
         Ring mail         |     1 |     5 ||     6
  Dodge: Dodged            |    72 |    14 ||    86
